 Dungeon Crawl Stone Soup version 0.30-a0-335-ge5acde7520 (webtiles) character file.

Game seed: 614269278522232161

16073 gruber the Destroyer (level 12, -6/106 HPs)
             Began as a Red Draconian Conjurer on Oct 30, 2022.
             Was a Priest of Vehumet.
             Mangled by a two-headed ogre
             ... wielding a +0 giant club
              (23 damage)
             ... on level 13 of the Dungeon.
             The game lasted 00:17:40 (14386 turns).

gruber the Destroyer (Red Draconian Conjurer)      Turns: 14386, Time: 00:17:40

Health: -6/106     AC: 13    Str: 17    XL:     12   Next: 6%
Magic:  11/21      EV: 16    Int: 22    God:    Vehumet [***...]
Gold:   708        SH:  0    Dex: 16    Spells: 14/23 levels left

rFire   + . .      SeeInvis .    J - +5 trident
rCold   . . .      Faith    .    (no shield)
rNeg    . . .      Spirit   .    (body armour unavailable)
rPois   +          Reflect  .    (helmet restricted)
rElec   .          Harm     .    u - +2 cloak {rPois}
rCorr   .          Rampage  .    D - +1 pair of gloves
Will    .....                    (no boots)
Stlth   ++........               (no amulet)
HPRegen 0.37/turn                o - +6 ring of dexterity
MPRegen 0.17/turn                y - +6 ring of strength

@: short of breath, slowed, very slow
A: breathe fire, AC +8, unfitting armour, fire resistance 1, cold-blooded
a: Breathe Fire, Renounce Religion


You were on level 13 of the Dungeon.
You worshipped Vehumet.
Vehumet was most pleased with you.
You visited 2 branches of the dungeon, and saw 14 of its levels.

You collected 708 gold pieces.

Inventory:

Hand Weapons
 I - a +1 hand axe of electrocution
 J - a +5 trident (weapon)
Missiles
 F - 3 curare-tipped darts
Armour
 u - a +2 cloak of poison resistance (worn)
 D - a +1 pair of gloves (worn)
Jewellery
 d - a ring of willpower
 o - a +6 ring of dexterity (left hand)
 r - a ring of poison resistance
 y - a +6 ring of strength (right hand)
 L - a ring of resist corrosion
 M - a ring of protection from fire
Wands
 s - a wand of roots (25)
 w - a wand of charming (5)
 N - a wand of digging (8)
Scrolls
 b - 8 scrolls of identify {unknown}
 e - 3 scrolls of noise {unknown}
 g - a scroll of fear {unknown}
 i - 3 scrolls of teleportation {unknown}
 k - 3 scrolls of enchant weapon {unknown}
 n - 3 scrolls of silence {unknown}
 q - a scroll of vulnerability {unknown}
 v - 2 scrolls of butterflies {unknown}
 A - a scroll of enchant armour {unknown}
 B - a scroll of torment {unknown}
 C - a scroll of summoning {unknown}
 E - a scroll of immolation {unknown}
 H - 3 scrolls of poison {unknown}
 K - a scroll of blinking {unknown}
 O - a scroll of magic mapping {unknown}
Potions
 c - 2 potions of curing {unknown}
 f - 5 potions of brilliance {unknown}
 h - 2 potions of berserk rage {unknown}
 j - 3 potions of mutation {unknown}
 l - a potion of degeneration {unknown}
 m - 2 potions of might {unknown}
 p - a potion of resistance {unknown}
 t - 5 potions of flight {unknown}
 x - 3 potions of heal wounds {unknown}
 z - 2 potions of invisibility {unknown}
 G - a potion of ambrosia {unknown}


   Skills:
 - Level 10.0 Fighting
 - Level 8.1 Dodging
 - Level 1.7 Stealth
 - Level 6.0 Spellcasting
 - Level 12.1 Conjurations
 * Level 9.8 Fire Magic


You had 14 spell levels left.
You knew the following spells:

 Your Spells              Type           Power      Damage    Failure   Level
a - Magic Dart            Conj           100%       1d8       1%          1
b - Searing Ray           Conj           100%       2d8       1%          2
c - Iskenderun's Mystic   Conj/Tloc      33%        2d8       2%          4
d - Scorch                Fire           98%        2d9       1%          2

Your spell library contained the following spells:

 Spells                   Type           Power      Damage    Failure   Level
 Frozen Ramparts          Ice            12%        1d2       7%          3
 Shock                    Conj/Air       100%       1d9       1%          1
 Dazzling Flash           Conj/Hex       66%        N/A       1%          3
 Fulminant Prism          Conj/Hex       16%        3d10      2%          4
 Lightning Bolt           Conj/Air       16%        1d30      5%          5
 Airstrike                Air            3%         2d(1-17)  22%         4
 Call Canine Familiar     Summ           6%         N/A       26%         3
 Portal Projectile        Hex/Tloc       12%        N/A       26%         3
 Swiftness                Air            6%         N/A       26%         3
 Leda's Liquefaction      Hex/Erth       3%         N/A       65%         4
 Passage of Golubria      Tloc           6%         N/A       65%         4
 Summon Lightning Spire   Summ/Air       6%         N/A       65%         4
 Silence                  Hex/Air        3%         N/A       94%         5
 Lehudib's Crystal Spear  Conj/Erth      16%        10d5      100%        8


Dungeon Overview and Level Annotations

Branches:
Dungeon (13/15)            Temple (1/1) D:4            Lair (0/5) D:11
    Orc (0/2) D:9
 Vaults: D:13-14

Altars:
Ashenzari
Cheibriados
Dithmenos
Elyvilon
Fedhas
Gozag
Hepliaklqana
Kikubaaqudgha
Makhleb
Nemelex Xobeh
Okawaru
Qazlal
Ru
Sif Muna
Trog
Uskayaw
Vehumet
Wu Jian
Xom
Yredelemnul
Zin
The Shining One

Shops:
D:1 !   D:3 (!   D:8 [(=   D:9 :   D:12 !


Innate Abilities, Weirdness & Mutations

You can breathe blasts of fire.
Your fiery red scales are hard. (AC +8)
You cannot fit into any form of body armour.
Your flesh is heat resistant. (rF+)
You are cold-blooded and may be slowed by cold attacks.


Message History

Found a scroll labelled VIARUR LUURE.
There is an open door here.
Casting: Searing Ray (safe; 1% risk of failure)
Confirm with . or Enter, or press ? or * to list all spells.
You erupt in a blast of force!
The mystic blast hits the two-headed ogre!
The two-headed ogre is heavily wounded.
The two-headed ogre is knocked back by the mystic blast.
The two-headed ogre collides with the tengu warrior!
The tengu warrior is lightly wounded.
The two-headed ogre is severely wounded.
The mystic blast hits the wraith!
You destroy the wraith!
Vehumet accepts your kill.
You feel your power returning.
Unknown command.
Unknown command.
Casting: Iskenderun's Mystic Blast (mildly dangerous; 2% risk of failure)
Confirm with . or Enter, or press ? or * to list all spells.
Aiming: Searing Ray (safe; 1% risk of failure)
Press: ? - help, Shift-Dir - straight line, f - two-headed ogre
Aim: a two-headed ogre, wielding a +0 giant club and a +0 giant spiked club (severely wounded, soul bound, 92% to hit)
The searing ray hits the two-headed ogre!
The two-headed ogre is severely wounded.
The searing ray hits the tengu warrior but does no damage.
The tengu warrior is lightly wounded. (Press . to maintain the ray.)
The tengu warrior's soul is no longer bound.
The necromancer mumbles some strange words.
The necromancer binds the souls of nearby monsters.
The two-headed ogre closely misses you. The two-headed ogre misses you.
Unknown command.
The searing ray hits the two-headed ogre.
The two-headed ogre is almost dead.
The searing ray hits the tengu warrior!
The tengu warrior is moderately wounded.
The necromancer gestures wildly while chanting.
The necromancer binds the souls of nearby monsters.
The two-headed ogre hits you with a +0 giant club!!
You die...

### ..# #.# ####+## #.#
## ....... #.# #.
......? #.########.
.......#######........'.
.......@OQ..O.p.#######.
.......#######.## ##
....... #... ###+###
###.# ..# ..# #+# #
...........# #
...........###


You could see a tengu warrior (soul bound), 2 two-headed ogres and a
necromancer.

Vanquished Creatures
  Snorg (D:11)
  Josephine (D:13)
  A hydra (D:11)
  Sonja (D:10)
  A deep elf pyromancer (D:12)
  An ugly thing (D:12)
  Maurice (D:10)
  An unseen horror (shapeshifter) (D:13)
  Psyche (D:11)
  An unseen horror (D:9)
  2 trolls
  Grinder (D:4)
  5 slime creatures (D:12)
  Sigmund (D:6)
  A shadow (D:11)
  A vampire (D:12)
  Eustachio (D:5)
  19 yaks
  5 wyverns
  9 wraiths
  2 vampire mosquitoes (D:10)
  Menkaure (D:6)
  3 steam dragons
  Edmund (D:5)
  An acid dragon (D:13)
  4 water moccasins
  Duvessa (D:4)
  4 orc warriors
  3 ogres
  2 kobold brigands (D:7)
  4 bullfrogs
  2 scorpions
  7 wights
  Dowan (D:4)
  9 killer bees
  2 howler monkeys
  Crazy Yiuf (D:4)
  2 hounds
  4 jellies
  2 gnoll boudas
  8 orc priests
  An iguana (D:7)
  11 orc wizards
  11 gnolls
  12 adders
  2 shadow imps
  2 white imps
  2 ufetubi
  2 worms
  2 dart slugs
  61 orcs
  6 ball pythons
  A bat (D:3)
  10 endoplasms
  4 giant cockroaches
  9 hobgoblins
  5 jackals (D:1)
  4 quokkas
  3 frilled lizards (D:1)
  10 goblins
  19 kobolds
  8 rats
  A spectral orc (D:7)
305 creatures vanquished.

Vanquished Creatures (others)
  6 fungi
  9 plants
15 creatures vanquished.

Grand Total: 320 creatures vanquished

Notes
Turn   | Place    | Note
-------+----------+-------------------------------------------
     0 | D:1      | gruber the Draconian Conjurer began the quest for the Orb.
     0 | D:1      | Reached XP level 1. HP: 14/14 MP: 3/3
    34 | D:1      | Found Xuad's Distillery.
   397 | D:1      | Reached XP level 2. HP: 20/20 MP: 3/5
   437 | D:1      | Learned a level 2 spell: Searing Ray
   991 | D:1      | Reached XP level 3. HP: 26/26 MP: 0/6
  1157 | D:1      | Reached skill level 5 in Conjurations
  1625 | D:2      | Reached XP level 4. HP: 33/33 MP: 0/7
  2534 | D:3      | Reached XP level 5. HP: 36/38 MP: 9/9
  2578 | D:3      | Reached skill level 6 in Conjurations
  2583 | D:3      | Learned a level 4 spell: Iskenderun's Mystic Blast
  2623 | D:3      | Found Jonihu's Weapon Boutique.
  2656 | D:3      | Noticed an ogre
  2664 | D:3      | Killed an ogre
  2883 | D:3      | Found an iron altar of Okawaru.
  2920 | D:3      | Reached XP level 6. HP: 45/45 MP: 3/10
  3008 | D:3      | Found Pulom's Distillery.
  3631 | D:4      | Found a staircase to the Ecumenical Temple.
  3638 | D:4      | Reached skill level 7 in Conjurations
  3644 | Temple   | Entered the Ecumenical Temple
  4196 | D:4      | Noticed Grinder
  4198 | D:4      | Paralysed by Grinder for 3 turns
  4213 | D:4      | Killed Grinder
  4214 | D:4      | Reached skill level 8 in Conjurations
  4214 | D:4      | Your scales start taking on a fiery red colour.
  4214 | D:4      | Reached XP level 7. HP: 50/50 MP: 3/13
  4214 | D:4      | Gained mutation: Your flesh is heat resistant. (rF+) [Red
                  | Draconian growth]
  4344 | D:4      | Noticed Dowan
  4347 | D:4      | Noticed Duvessa
  4360 | D:4      | Killed Duvessa
  4363 | D:4      | Killed Dowan
  4651 | D:4      | Reached skill level 9 in Conjurations
  4680 | D:4      | Found a snail-covered altar of Cheibriados.
  4862 | D:4      | Found a runed translucent door.
  4863 | D:4      | Noticed Crazy Yiuf
  4870 | D:4      | Killed Crazy Yiuf
  4933 | D:5      | Entered Level 5 of the Dungeon
  5128 | D:5      | Reached XP level 8. HP: 57/57 MP: 10/14
  5265 | D:5      | Found an ancient bone altar of Kikubaaqudgha.
  5343 | D:5      | Noticed Eustachio
  5350 | D:5      | Killed Eustachio
  5351 | D:5      | Reached skill level 10 in Conjurations
  5469 | D:5      | Noticed Edmund
  5491 | D:5      | Killed Edmund
  6028 | D:5      | Reached skill level 11 in Conjurations
  6447 | D:6      | Noticed Menkaure
  6457 | D:6      | Killed Menkaure
  6458 | D:6      | Reached XP level 9. HP: 14/62 MP: 2/15
  6804 | D:6      | Noticed Sigmund
  6820 | D:6      | Killed Sigmund
  6821 | D:6      | Reached skill level 12 in Conjurations
  8092 | D:7      | Found a basalt altar of Yredelemnul.
  8159 | D:7      | Found a bloodstained altar of Trog.
  8223 | D:7      | Found a hide-covered altar of Uskayaw.
  8223 | D:7      | Found a glowing silver altar of Zin.
  8224 | D:7      | Found a radiant altar of Vehumet.
  8230 | D:7      | Became a worshipper of Vehumet
  9149 | D:8      | Reached skill level 5 in Dodging
  9209 | D:8      | Reached * piety under Vehumet
  9209 | D:8      | Offered knowledge of Sandblast by Vehumet.
  9442 | D:8      | Found a shadowy altar of Dithmenos.
  9523 | D:8      | Found Ruorghiv's Antique Armour Shop.
  9548 | D:8      | Found Quojamm's Antique Weapon Shoppe.
  9670 | D:8      | Found a sacrificial altar of Ru.
  9768 | D:8      | Found Pucus's Jewellery Emporium.
  9845 | D:9      | Found Militz's Book Shop.
 10274 | D:9      | Reached XP level 10. HP: 62/69 MP: 7/16
 10666 | D:9      | Found a sparkling altar of Nemelex Xobeh.
 10707 | D:9      | Offered knowledge of Scorch by Vehumet.
 10708 | D:9      | Reached ** piety under Vehumet
 10715 | D:9      | Learned a level 2 spell: Scorch
 10903 | D:9      | Found a staircase to the Orcish Mines.
 11033 | D:10     | Entered Level 10 of the Dungeon
 11052 | D:9      | Reached skill level 5 in Fighting
 11588 | D:10     | Noticed Maurice
 11597 | D:10     | Killed Maurice
 11708 | D:10     | Reached XP level 11. HP: 86/97 MP: 10/17
 11887 | D:10     | Noticed Sonja
 11892 | D:10     | Killed Sonja
 11964 | D:11     | Noticed a seven-headed hydra
 11970 | D:11     | Killed a seven-headed hydra
 11971 | D:11     | Reached skill level 10 in Fighting
 12076 | D:11     | Identified the +1 leather armour "Ivextasy" {rN++}
 12275 | D:11     | Offered knowledge of Static Discharge by Vehumet.
 12299 | D:10     | Reached skill level 5 in Spellcasting
 12575 | D:11     | Found a staircase to the Lair.
 12661 | D:11     | Reached *** piety under Vehumet
 12698 | D:11     | Reached skill level 1 in Fire Magic
 12795 | D:11     | Noticed Snorg
 12815 | D:11     | Killed Snorg
 13007 | D:11     | Noticed Psyche
 13018 | D:11     | Killed Psyche
 13085 | D:11     | Reached skill level 5 in Fire Magic
 13361 | D:12     | Found Ephishru's Distillery.
 13367 | D:12     | Noticed a deep elf pyromancer
 13373 | D:12     | Killed a deep elf pyromancer
 14019 | D:12     | Noticed a white ugly thing
 14028 | D:12     | Killed a white ugly thing
 14329 | D:13     | Offered knowledge of Frozen Ramparts by Vehumet.
 14355 | D:13     | Noticed Josephine
 14368 | D:13     | Noticed a two-headed ogre
 14370 | D:13     | Noticed a two-headed ogre
 14372 | D:13     | Noticed a necromancer
 14374 | D:13     | Noticed a tengu warrior
 14376 | D:13     | Killed Josephine
 14377 | D:13     | Reached XP level 12. HP: 23/106 MP: 18/21
 14386 | D:13     | Mangled by a two-headed ogre

Illustrated notes

Levels and vault maps discovered:
D:1:      psy_arrival_radial02, layout_basic, serial_shops,
          nicolae_shop_statue_plus, moated_statue, grunt_decor_clamped,
          hangedman_decor_lopped
D:2:      minmay_alternating_diamond, layout_basic, serial_forest,
          infiniplex_forest_clump_long, infiniplex_forest_lined_room_,
          infiniplex_forest_clump_double, infiniplex_forest_zigzag_1,
          infiniplex_forest_clump_medium, infiniplex_forest_lined_4_way,
          infiniplex_forest_lined_ring, infiniplex_forest_lined_ring,
          chequers_serial_rivers_micro_a
D:3:      layout_basic, general_overflow_altar, serial_shops,
          nicolae_shop_trees, nicolae_square_shop, st_stairs_5
D:4:      layout_rooms, overflow_temple_1_default, minmay_temple_entry_wispy,
          uniq_crazy_yiuf_cottage, uniq_duvessa, uniq_grinder
D:5:      layout_loops_ring, kiku_gazebo_pond_becter, kennysheep_donut,
          uniq_eustachio, uniq_edmund
D:6:      layout_cave_pods, minmay_misc_feat_five, uniq_sigmund, uniq_menkaure
D:7:      nicolae_cairo_tiling, layout_basic,
          chequers_temple_overflow_statue_of_worship,
          yredelemnul_forgotten_temple_becter
D:8:      layout_rooms, grunt_dithmenos_smoke,
          mainiacjoe_overflow_surrounded_room, serial_shops, shop,
          nicolae_shop_hallway_plus, kennysheep_small_circle
D:9:      layout_loops_cross, nemelex_xobeh_ov_fountains_minmay, orc_0_dummy,
          serial_shops, nicolae_shop_statue_plus, minivault_22
D:10:     layout_rooms, minmay_misc_feat_four_crosses, uniq_maurice, uniq_sonja
D:11:     layout_long_grid, minmay_lair_entry_grove, minmay_misc_feat_roman,
          uniq_psyche, uniq_snorg
D:12:     layout_loops_ring, serial_shops, nicolae_shop_crystal
D:13:     layout_roguey, david_vaults_1, uniq_josephine, uniq_azrael
Temple:   minmay_temple_curvy_loop

Skill      XL: |  1  2  3  4  5  6  7  8  9 10 11 |
---------------+----------------------------------+-----
Conjurations   | 5 6 8 9 11 12 | 12.1
Spellcasting   | 3 4 6 |  6.0
Dodging        | 7 8 |  8.1
Fighting       | 9 10 | 10.0
Fire Magic     | 9 |  9.8
Stealth        | |  1.7

Action                   |  1- 3 |  4- 6 |  7- 9 | 10-12 || total
-------------------------+-------+-------+-------+-------++-------
Melee: Unarmed           |    19 |       |       |       ||    19
       Whip              |    50 |    86 |    56 |       ||   192
       Tailslap          |     4 |    15 |    12 |    17 ||    48
       Punch             |       |     2 |       |       ||     2
       Trident           |       |       |     4 |    79 ||    83
       Hand axe          |       |       |     1 |       ||     1
 Cast: Magic Dart        |    60 |    69 |   132 |    33 ||   294
       Searing Ray       |       |     8 |    51 |    40 ||    99
       Iskenderun's Myst |       |       |     2 |    28 ||    30
       Scorch            |       |       |       |     7 ||     7
 Abil: Breathe Fire      |       |       |    13 |    31 ||    44
Evoke: Wand              |       |       |       |     1 ||     1
  Use: Potion            |       |       |       |     1 ||     1
 Stab: Sleeping          |       |     1 |       |     1 ||     2
       Distracted        |       |       |       |     1 ||     1
Armor: Skin              |    33 |    39 |    38 |    67 ||   177
Dodge: Dodged            |    45 |    50 |    93 |   149 ||   337

Table legend: (Time is in decaauts)
 A = Elapsed time spent in this place.
 B = Non-inter-level travel time spent in this place.
 C = Inter-level travel time spent in this place.
 D = Time resting spent in this place.
 E = Time spent auto-exploring this place.
 F = Levels seen in this place.
 G = Mean time per level.
                   A        B        C        D        E       F      G
               +--------+--------+--------+--------+--------+-----+--------+
         Total |  14443 |  14045 |    398 |    221 |  11885 |  14 | 1031.6 |
       Dungeon |  14175 |  13810 |    365 |    221 |  11669 |  13 | 1090.4 |
        Temple |    267 |    234 |     33 |      0 |    216 |   1 |  267.0 |
               +--------+--------+--------+--------+--------+-----+--------+

Top non-repeatable levels by time:
     D:7: 1608 daAuts
     D:1: 1499 daAuts
     D:9: 1493 daAuts
     D:5: 1310 daAuts
     D:6: 1277 daAuts
    D:11: 1095 daAuts
     D:3: 1092 daAuts
     D:4: 1061 daAuts
     D:2: 1026 daAuts
    D:12: 975 daAuts
    D:10: 863 daAuts
     D:8: 721 daAuts
  Temple: 267 daAuts
    D:13: 148 daAuts
